 Dungeon Crawl Stone Soup version 0.29.0-4-gdea44cf6ec (webtiles) character file.

Game seed: 10455704936984189818

7989 qw the Cleaver (level 9, -18/82 HPs)
             Began as a Minotaur Fighter on Sept 6, 2022.
             Was a Priest of Ru.
             Demolished by a very large slime creature (43 damage)
             ... on level 11 of the Dungeon.
             The game lasted 00:03:38 (11327 turns).

qw the Cleaver (Minotaur Fighter)                  Turns: 11327, Time: 00:03:39

Health: -18/82     AC: 17    Str: 34    XL:     9   Next: 4%
Magic:  8/8        EV:  7    Int:  5    God:    Ru [***...]
Gold:   591        SH: 10    Dex:  9    Spells: 8/8 levels left

rFire   + . .      SeeInvis .   b - +0 broad axe (freeze)
rCold   . . .      Faith    .   o - +0 kite shield
rNeg    . . .      Spirit   .   n - +0 plate armour
rPois   .          Reflect  .   (helmet restricted)
rElec   .          Harm     .   s - +2 cloak
rCorr   +          Rampage  .   f - +0 pair of gloves
Will    +....                   (no boots)
Stlth   ..........              l - amulet of the acrobat
HPRegen 0.23/turn               k - ring of Arokhlis {rF+ Str+6}
MPRegen 0.11/turn               h - ring of Creativity {Will+ rCorr Str+2 Stlth-}

@: no status effects
A: horns 2, inexperienced 2, retaliatory headbutt
a: Renounce Religion, Draw Out Power


You were on level 11 of the Dungeon.
You worshipped Ru.
Ru was most pleased with you.
You visited 2 branches of the dungeon, and saw 12 of its levels.

You collected 645 gold pieces.
You spent 54 gold pieces at shops.


Innate Abilities, Weirdness & Mutations

You have a pair of horns on your head.
You are inexperienced. (-2 XL)
You reflexively headbutt those who attack you in melee.


   Skills:
 - Level 8.4 Fighting
 + Level 14.0 Axes
 - Level 4.0 Throwing
 - Level 7.1 Armour
 - Level 2.8 Dodging
 - Level 10.1 Shields


You had 8 spell levels left.
You didn't know any spells.
Your spell library was empty.

Inventory:

Hand Weapons
 a - a +0 morningstar
 b - a +0 broad axe of freezing (weapon)
Missiles
 p - 3 silver javelins (quivered)
 q - 6 boomerangs
Armour
 c - the +12 tower shield "Doqegg" {rF+}
   (You found it on level 11 of the Dungeon)

   rF:        It protects you from fire.
 f - a +0 pair of gloves (worn)
 n - a +0 plate armour (worn)
 o - a +0 kite shield (worn)
 s - a +2 cloak (worn)
Jewellery
 e - a ring of fire
 h - the ring of Creativity (right hand) {Will+ rCorr Str+2 Stlth-}
   (You found it on level 10 of the Dungeon)

   [ring of willpower]

   Str:       It affects your strength (+2).
   rCorr:     It protects you from acid and corrosion.
   Will:      It increases your willpower.
   Stlth:     It makes you less stealthy.
 k - the ring of Arokhlis (left hand) {rF+ Str+6}
   (You found it on level 7 of the Dungeon)

   [ring of strength]

   Str:       It affects your strength (+6).
   rF:        It protects you from fire.
 l - an amulet of the acrobat (around neck)
 Y - a +4 ring of protection
Scrolls
 g - 9 scrolls of identify
 m - 4 scrolls of teleportation
Potions
 d - 3 potions of might
 i - a potion of resistance
 j - 4 potions of curing

Dungeon Overview and Level Annotations

Branches:
Dungeon (11/15)            Temple (1/1) D:4            Lair (0/5) D:8
    Orc: D:9-12

Altars:
Ashenzari
Cheibriados
Dithmenos
Elyvilon
Fedhas
Gozag
Hepliaklqana
Kikubaaqudgha
Makhleb
Nemelex Xobeh
Okawaru
Qazlal
Ru
Sif Muna
Trog
Uskayaw
Vehumet
Wu Jian
Xom
Yredelemnul
Zin
The Shining One

Shops:
D:3 *=   D:7 [


Message History

The slime creature is moderately wounded.
The slime creature hits you but does no damage.
Two slime creatures merge to form a large slime creature.
Two slime creatures merge to form a very large slime creature.
You hit the very large slime creature.
You freeze the very large slime creature.
The very large slime creature is lightly wounded.
You slash the very large slime creature!
You freeze the very large slime creature.
The very large slime creature is moderately wounded.
The very large slime creature is stunned by your conviction and fails to attack.
You slice the very large slime creature!!
You freeze the very large slime creature.
The very large slime creature is moderately wounded.
A very large slime creature splits.
Two slime creatures merge to form a very large slime creature.
You barely miss the very large slime creature.
The very large slime creature is moderately wounded.
You slash the slime creature! You freeze the slime creature.
You block the slime creature's attack.
You hit the slime creature but do no damage.
Your headbutt misses the slime creature.
The slime creature is heavily wounded.
You barely miss the very large slime creature.
The slime creature closely misses you. The very large slime creature hits you.
You barely miss the slime creature.
The slime creature is heavily wounded.
You hit the very large slime creature.
You freeze the very large slime creature.
The slime creature hits you.
The very large slime creature hits you!!!
Ouch! That really hurt!
You barely miss the slime creature.
The slime creature is heavily wounded.
You slice the very large slime creature!!
You freeze the very large slime creature!
The slime creature hits you.
The very large slime creature hits you!!!
Ouch! That really hurt!
You die...

. #.......# .
#(... #.......# .
#.... #.......# .
#.... #.####### .
+.... #.# . #..!.
#.# . ... #.# .
..##+#J#########.#
.
......J@.........#
.
.................#
....##############
###


You could see a very large slime creature and a slime creature.

Vanquished Creatures
  3 two-headed ogres
  A black mamba (shapeshifter) (D:10)
  An unseen horror (D:11)
  A komodo dragon (D:8)
  2 wraiths
  2 wyverns
  9 yaks
  A steam dragon (D:8)
  Edmund (D:5)
  An acid dragon (D:8)
  A water moccasin (D:8)
  2 ice beasts (D:8)
  A black bear (D:7)
  A sky beast (D:7)
  2 ogres
  5 orc warriors
  A centaur (D:6)
  A phantom (D:4)
  2 bullfrogs (D:7)
  11 wights
  10 killer bees
  A howler monkey (D:8)
  5 orc priests
  3 hounds
  A gnoll bouda (D:6)
  Ijyb (D:5)
  2 iguanas
  9 orc wizards
  4 gnolls (D:6)
  9 adders
  A shadow imp (D:8)
  A white imp (D:6)
  2 worms
  2 dart slugs
  20 orcs
  7 bats
  6 endoplasms
  3 giant cockroaches (D:1)
  6 goblins
  7 hobgoblins
  5 jackals
  3 kobolds
  2 quokkas
  4 ball pythons
  2 frilled lizards
  12 rats
177 creatures vanquished.

Vanquished Creatures (others)
  A wight (D:9)
  3 plants (D:2)
4 creatures vanquished.

Grand Total: 181 creatures vanquished

Notes
Turn   | Place    | Note
-------+----------+-------------------------------------------
     0 | D:1      | qw the Minotaur Fighter began the quest for the Orb.
     0 | D:1      | Reached XP level 1. HP: 19/19 MP: 0/0
     0 | D:1      | 0 ||| qw: Version: 0.1-a-108-g9e35731
     0 | D:1      | 0 ||| qw: Game counter: 6395
     0 | D:1      | 0 ||| qw: Always use a shield: true
     0 | D:1      | 0 ||| qw: God list: Ru
     0 | D:1      | 0 ||| qw: Allow faded altars: false
     0 | D:1      | 0 ||| qw: Do Orc after D:15 true
     0 | D:1      | 0 ||| qw: Do second Lair branch before Depths: true
     0 | D:1      | 0 ||| qw: Lair rune preference: random
     0 | D:1      | 0 ||| qw: Plans: Normal
     0 | D:1      | 0 ||| PLANNING D:1-11
    18 | D:1      | Noticed a minotaur skeleton
    59 | D:1      | Reached skill level 3 in Axes
   184 | D:1      | Reached XP level 2. HP: 26/26 MP: 1/1
   514 | D:1      | Reached skill level 4 in Axes
   586 | D:1      | 586 ||| Stepping ~*~*~tactically~*~*~ (stealth).
   639 | D:1      | 639 ||| READING scroll labelled NIARUO SIMAONENK.
   640 | D:1      | 640 ||| READING scroll labelled PUTOUW RIYQA.
   641 | D:1      | 641 ||| READING scroll labelled EXORYD RIHUAHI.
   642 | D:1      | 642 ||| DRINKING 2 amethyst potions.
   643 | D:1      | 643 ||| DROPPING potion of magic.
   706 | D:2      | Found a faded altar of an unknown god.
   744 | D:2      | 744 ||| Stepping ~*~*~tactically~*~*~ (stealth).
   745 | D:2      | 745 ||| Stepping ~*~*~tactically~*~*~ (stealth).
   753 | D:2      | Reached XP level 3. HP: 31/31 MP: 2/2
   755 | D:2      | 755 ||| DROPPING +0 club.
  1056 | D:2      | Reached skill level 5 in Axes
  1184 | D:2      | Reached skill level 1 in Dodging
  1497 | D:2      | Reached XP level 4. HP: 39/39 MP: 3/3
  1799 | D:2      | 1799 ||| READING 2 scrolls of identify.
  1799 | D:2      | 1799 ||| IDENTIFYING yellow potion
  1881 | D:3      | Found Fouttub's Jewellery Boutique.
  1897 | D:3      | 1897 ||| SHOPLISTING amulet of guardian spirit (300 gold,
                  | have 99).
  1897 | D:3      | 1897 ||| SHOPLISTING amulet of reflection (300 gold, have
                  | 99).
  1897 | D:3      | 1897 ||| SHOPLISTING ring of resist corrosion (200 gold,
                  | have 99).
  1897 | D:3      | 1897 ||| SHOPLISTING ring of see invisible (150 gold, have
                  | 99).
  2232 | D:3      | Found Veiq's Assorted Antiques.
  2236 | D:3      | 2236 ||| SHOPLISTING golden ring (135 gold, have 115).
  2236 | D:3      | 2236 ||| SHOPLISTING runed mace (162 gold, have 115).
  2236 | D:3      | 2236 ||| BUYING scroll labelled EFIBRU YMMU (27 gold).
  2236 | D:3      | Bought a scroll labelled EFIBRU YMMU for 27 gold pieces
  2236 | D:3      | 2236 ||| BUYING scroll labelled LOC CAUDWIRAU (27 gold).
  2236 | D:3      | Bought a scroll labelled LOC CAUDWIRAU for 27 gold pieces
  2280 | D:3      | 2280 ||| Stepping ~*~*~tactically~*~*~ (stealth).
  2281 | D:3      | 2281 ||| Stepping ~*~*~tactically~*~*~ (stealth).
  2282 | D:3      | 2282 ||| Stepping ~*~*~tactically~*~*~ (stealth).
  2400 | D:3      | 2400 ||| UPGRADING to amulet of the acrobat.
  2405 | D:3      | 2405 ||| READING 2 scrolls labelled LOC CAUDWIRAU.
  2406 | D:3      | 2406 ||| READING scroll labelled WYLYEDD RIHUTZ.
  2407 | D:3      | 2407 ||| READING scroll labelled TUOPAPS MIULLANOSCH.
  2508 | D:3      | 2508 ||| READING scroll labelled GUATISHUYSCH.
  2509 | D:3      | 2509 ||| READING scroll labelled EFIBRU YMMU.
  2510 | D:3      | 2510 ||| DROPPING scroll of poison.
  2583 | D:4      | Noticed a phantom
  2588 | D:4      | Killed a phantom
  2589 | D:4      | Reached skill level 6 in Axes
  2589 | D:4      | Reached XP level 5. HP: 45/45 MP: 4/4
  2603 | D:4      | 2603 ||| Stepping ~*~*~tactically~*~*~ (stealth).
  2604 | D:4      | 2604 ||| Stepping ~*~*~tactically~*~*~ (stealth).
  2607 | D:4      | 2607 ||| Stepping ~*~*~tactically~*~*~ (stealth).
  2646 | D:4      | 2646 ||| READING scroll of enchant weapon.
  2646 | D:4      | 2646 ||| ENCHANTING +1 war axe.
  2676 | D:4      | 2676 ||| Stepping ~*~*~tactically~*~*~ (hiding).
  2795 | D:4      | Reached skill level 1 in Throwing
  2910 | D:4      | 2910 ||| Stepping ~*~*~tactically~*~*~ (stealth).
  2942 | D:4      | 2942 ||| DROPPING +0 whip.
  2962 | D:4      | Found a staircase to the Ecumenical Temple.
  2963 | D:4      | 2963 ||| PLANNING TEMPLE
  2963 | D:4      | 2963 ||| UPGRADING to +0 chain mail.
  2973 | D:4      | 2973 ||| DROPPING +0 scale mail.
  2974 | D:4      | 2974 ||| UPGRADING to ring of positive energy.
  2975 | D:4      | 2975 ||| UPGRADING to ring of positive energy.
  2976 | D:4      | 2976 ||| READING scroll labelled JUOVIEDD LESADIG.
  2979 | D:4      | 2979 ||| DRINKING 2 smoky green potions.
  2980 | D:4      | 2980 ||| READING 3 scrolls of identify.
  2980 | D:4      | 2980 ||| IDENTIFYING smoky white potion
  2981 | D:4      | 2981 ||| DROPPING potion of degeneration.
  3009 | Temple   | Entered the Ecumenical Temple
  3151 | Temple   | 3151 ||| PLANNING D:1-11
  3226 | D:4      | Reached skill level 7 in Axes
  3372 | D:4      | 3372 ||| UPGRADING to +1 chain mail of cold resistance.
  3382 | D:4      | 3382 ||| DROPPING +0 chain mail.
  3411 | D:5      | Entered Level 5 of the Dungeon
  3564 | D:5      | Noticed an orc warrior
  3569 | D:5      | 3569 ||| Stepping ~*~*~tactically~*~*~ (stealth).
  3572 | D:5      | 3572 ||| Stepping ~*~*~tactically~*~*~ (stealth).
  3576 | D:5      | Killed an orc warrior
  3577 | D:5      | Reached XP level 6. HP: 32/55 MP: 5/5
  3579 | D:5      | 3579 ||| Stepping ~*~*~tactically~*~*~ (stealth).
  3582 | D:5      | 3582 ||| Stepping ~*~*~tactically~*~*~ (stealth).
  3583 | D:5      | 3583 ||| Stepping ~*~*~tactically~*~*~ (stealth).
  3586 | D:5      | 3586 ||| Stepping ~*~*~tactically~*~*~ (stealth).
  3782 | D:5      | 3782 ||| FLEEEEING.
  3787 | D:5      | 3787 ||| FLEEEEING.
  3788 | D:5      | 3788 ||| FLEEEEING.
  3789 | D:5      | 3789 ||| FLEEEEING.
  3790 | D:5      | 3790 ||| FLEEEEING.
  3797 | D:5      | 3797 ||| FLEEEEING.
  3798 | D:5      | 3798 ||| FLEEEEING.
  3799 | D:5      | 3799 ||| FLEEEEING.
  3800 | D:5      | 3800 ||| DRINKING 2 potions of curing.
  3800 | D:5      | 3800 ||| (to cure confusion)
  4025 | D:5      | Found a basalt altar of Yredelemnul.
  4079 | D:5      | Found a white marble altar of Elyvilon.
  4184 | D:5      | Noticed Ijyb
  4188 | D:5      | 4188 ||| DRINKING potion of curing.
  4188 | D:5      | 4188 ||| (to cure confusion)
  4193 | D:5      | Killed Ijyb
  4194 | D:5      | Reached skill level 8 in Axes
  4194 | D:5      | Reached XP level 7. HP: 30/60 MP: 6/6
  4378 | D:5      | Noticed Edmund
  4386 | D:5      | Killed Edmund
  4429 | D:5      | 4429 ||| DROPPING +0 flail.
  4591 | D:5      | 4591 ||| UPGRADING to +0 plate armour.
  4601 | D:5      | 4601 ||| DROPPING +1 chain mail of cold resistance.
  4602 | D:5      | 4602 ||| UPGRADING to +0 kite shield.
  4612 | D:5      | 4612 ||| DROPPING +0 buckler.
  4613 | D:5      | 4613 ||| READING scroll labelled GEUMPE CAEV.
  4614 | D:5      | 4614 ||| READING scroll labelled BEJOMU FAOHEUT.
  4615 | D:5      | 4615 ||| READING scroll labelled ANWAGORUONK.
  4648 | D:6      | HP: 14/60 [gnoll/+0 spear[a gnoll bouda] (6)]
  4649 | D:6      | 4649 ||| READING 3 scrolls of teleportation.
  4650 | D:6      | 4650 ||| DRINKING potion of heal wounds.
  4972 | D:6      | 4972 ||| Stepping ~*~*~tactically~*~*~ (hiding).
  4974 | D:6      | 4974 ||| Stepping ~*~*~tactically~*~*~ (hiding).
  5231 | D:6      | 5231 ||| Stepping ~*~*~tactically~*~*~ (hiding).
  5232 | D:6      | 5232 ||| Stepping ~*~*~tactically~*~*~ (hiding).
  5237 | D:6      | Reached skill level 6 in Shields
  5302 | D:6      | Reached skill level 9 in Axes
  5302 | D:6      | Reached XP level 8. HP: 67/67 MP: 7/7
  5372 | D:6      | 5372 ||| SWAPPING to +0 broad axe.
  5373 | D:6      | 5373 ||| DROPPING +2 war axe.
  5374 | D:6      | 5374 ||| UPGRADING to +0 cloak.
  5379 | D:6      | 5379 ||| DROPPING amulet of faith.
  5380 | D:6      | 5380 ||| READING scroll labelled SESIFA VEERIXT.
  5381 | D:6      | 5381 ||| READING 3 scrolls labelled KOCSE QUAHUO.
  5382 | D:6      | 5382 ||| READING 10 scrolls of identify.
  5382 | D:6      | 5382 ||| IDENTIFYING fuming pink potion
  5383 | D:6      | 5383 ||| DROPPING potion of brilliance.
  5384 | D:6      | 5384 ||| DROPPING 2 scrolls of summoning.
  5540 | D:7      | Found Roovveo's Antique Armour Shoppe.
  5632 | D:7      | 5632 ||| READING scroll of enchant armour.
  5632 | D:7      | 5632 ||| ENCHANTING +0 cloak.
  5649 | D:7      | 5649 ||| Stepping ~*~*~tactically~*~*~ (stealth).
  5654 | D:7      | 5654 ||| FLEEEEING.
  5655 | D:7      | 5655 ||| FLEEEEING.
  5656 | D:7      | 5656 ||| FLEEEEING.
  5657 | D:7      | 5657 ||| FLEEEEING.
  5658 | D:7      | 5658 ||| FLEEEEING.
  5659 | D:7      | 5659 ||| FLEEEEING.
  5660 | D:7      | 5660 ||| FLEEEEING.
  5661 | D:7      | 5661 ||| FLEEEEING.
  5662 | D:7      | 5662 ||| FLEEEEING.
  5663 | D:7      | 5663 ||| FLEEEEING.
  5664 | D:7      | 5664 ||| FLEEEEING.
  5665 | D:7      | 5665 ||| FLEEEEING.
  5666 | D:7      | 5666 ||| FLEEEEING.
  5667 | D:7      | 5667 ||| FLEEEEING.
  5668 | D:7      | 5668 ||| FLEEEEING.
  5669 | D:7      | 5669 ||| FLEEEEING.
  5670 | D:7      | 5670 ||| FLEEEEING.
  5671 | D:7      | 5671 ||| FLEEEEING.
  5672 | D:7      | 5672 ||| FLEEEEING.
  5673 | D:7      | 5673 ||| FLEEEEING.
  5674 | D:7      | 5674 ||| FLEEEEING.
  5675 | D:7      | 5675 ||| FLEEEEING.
  5676 | D:7      | 5676 ||| FLEEEEING.
  5677 | D:7      | 5677 ||| FLEEEEING.
  5678 | D:7      | 5678 ||| FLEEEEING.
  5679 | D:7      | 5679 ||| FLEEEEING.
  5680 | D:7      | 5680 ||| FLEEEEING.
  5681 | D:7      | 5681 ||| FLEEEEING.
  5682 | D:7      | 5682 ||| FLEEEEING.
  5683 | D:7      | 5683 ||| FLEEEEING.
  5684 | D:7      | 5684 ||| FLEEEEING.
  5685 | D:7      | 5685 ||| FLEEEEING.
  5686 | D:7      | 5686 ||| FLEEEEING.
  5687 | D:7      | 5687 ||| FLEEEEING.
  5688 | D:7      | 5688 ||| FLEEEEING.
  5689 | D:7      | 5689 ||| FLEEEEING.
  5690 | D:7      | 5690 ||| FLEEEEING.
  5691 | D:7      | 5691 ||| FLEEEEING.
  5692 | D:7      | 5692 ||| FLEEEEING.
  5693 | D:7      | 5693 ||| FLEEEEING.
  5694 | D:7      | 5694 ||| FLEEEEING.
  5695 | D:7      | 5695 ||| FLEEEEING.
  5696 | D:7      | 5696 ||| FLEEEEING.
  5697 | D:7      | 5697 ||| FLEEEEING.
  5699 | D:7      | 5699 ||| FLEEEEING.
  5700 | D:7      | 5700 ||| FLEEEEING.
  5701 | D:7      | 5701 ||| FLEEEEING.
  5702 | D:7      | 5702 ||| FLEEEEING.
  5703 | D:7      | 5703 ||| FLEEEEING.
  5704 | D:7      | 5704 ||| FLEEEEING.
  5705 | D:7      | 5705 ||| FLEEEEING.
  5706 | D:7      | 5706 ||| FLEEEEING.
  5707 | D:7      | 5707 ||| FLEEEEING.
  5708 | D:7      | 5708 ||| FLEEEEING.
  5709 | D:7      | 5709 ||| FLEEEEING.
  5710 | D:7      | 5710 ||| FLEEEEING.
  5711 | D:7      | 5711 ||| FLEEEEING.
  5712 | D:7      | 5712 ||| FLEEEEING.
  5713 | D:7      | 5713 ||| FLEEEEING.
  5714 | D:7      | 5714 ||| FLEEEEING.
  5715 | D:7      | 5715 ||| FLEEEEING.
  5716 | D:7      | 5716 ||| FLEEEEING.
  5717 | D:7      | 5717 ||| FLEEEEING.
  5718 | D:7      | 5718 ||| FLEEEEING.
  5719 | D:7      | 5719 ||| FLEEEEING.
  5720 | D:7      | 5720 ||| FLEEEEING.
  5721 | D:7      | 5721 ||| FLEEEEING.
  5722 | D:7      | 5722 ||| FLEEEEING.
  5723 | D:7      | 5723 ||| FLEEEEING.
  5724 | D:7      | 5724 ||| STAIRDANCE
  5778 | D:6      | 5778 ||| UPGRADING to +0 pair of gloves.
  5783 | D:6      | 5783 ||| UPGRADING to +4 ring of protection.
  5785 | D:6      | 5785 ||| DROPPING ring of positive energy.
  5794 | D:7      | 5794 ||| STAIRDANCE
  5901 | D:7      | Identified the ring of Arokhlis {rF+ Str+6}
  6038 | D:7      | Reached skill level 10 in Axes
  6128 | D:7      | 6128 ||| Stepping ~*~*~tactically~*~*~ (stealth).
  6134 | D:7      | 6134 ||| Stepping ~*~*~tactically~*~*~ (stealth).
  6135 | D:7      | 6135 ||| Stepping ~*~*~tactically~*~*~ (stealth).
  6365 | D:7      | Found a sacrificial altar of Ru.
  6374 | D:7      | Became a worshipper of Ru the Awakened
  6386 | D:7      | Found a glowing golden altar of the Shining One.
  6395 | D:7      | Found a glowing silver altar of Zin.
  6396 | D:7      | 6396 ||| UPGRADING to +2 cloak.
  6406 | D:7      | 6406 ||| DROPPING +1 cloak.
  6407 | D:7      | 6407 ||| UPGRADING to ring of Arokhlis {rF+ Str+6}.
  6409 | D:7      | 6409 ||| DROPPING ring of positive energy.
  6410 | D:7      | 6410 ||| READING 10 scrolls of identify.
  6410 | D:7      | 6410 ||| IDENTIFYING bubbling yellow potion
  6411 | D:7      | 6411 ||| DROPPING potion of flight.
  6610 | D:8      | Found a staircase to the Lair.
  6711 | D:8      | Found a flagged portal.
  6726 | D:8      | Reached XP level 9. HP: 73/75 MP: 8/8
  6832 | D:8      | Reached skill level 6 in Fighting
  6849 | D:8      | HP: 18/75 [poisoned by a killer bee]
  7146 | D:8      | Reached skill level 11 in Axes
  7206 | D:8      | Noticed a komodo dragon
  7207 | D:8      | 7207 ||| Stepping ~*~*~tactically~*~*~ (stealth).
  7224 | D:8      | Killed a komodo dragon
  7441 | D:8      | Reached skill level 3 in Throwing
  8115 | D:8      | 8115 ||| INVOKING Sacrifice Experience.
  8115 | D:8      | Gained mutation: You are somewhat inexperienced. (-1 XL)
                  | [Ru sacrifice]
  8115 | D:8      | Reached XP level 8. HP: 70/70 MP: 7/7
  8115 | D:8      | Reached * piety under Ru
  8498 | D:8      | 8498 ||| DROPPING +6 ring of intelligence.
  8499 | D:8      | 8499 ||| READING scroll labelled VIBLOT QAW PETE.
  8500 | D:8      | 8500 ||| READING 9 scrolls of identify.
  8500 | D:8      | 8500 ||| IDENTIFYING sapphire potion
  8565 | D:9      | Noticed a two-headed ogre
  8568 | D:9      | Killed a two-headed ogre
  8569 | D:9      | Reached skill level 12 in Axes
  8631 | D:9      | 8631 ||| Stepping ~*~*~tactically~*~*~ (hiding).
  8638 | D:9      | Reached XP level 9. HP: 65/75 MP: 8/8
  8708 | D:9      | 8708 ||| Stepping ~*~*~tactically~*~*~ (hiding).
  8721 | D:9      | 8721 ||| Stepping ~*~*~tactically~*~*~ (stealth).
  8722 | D:9      | 8722 ||| DROPPING +6 flail of draining.
  8724 | D:9      | 8724 ||| DRINKING 3 potions of curing.
  8724 | D:9      | 8724 ||| (to cure confusion)
  8776 | D:9      | 8776 ||| Stepping ~*~*~tactically~*~*~ (hiding).
  8909 | D:9      | Reached skill level 6 in Armour
  8918 | D:9      | HP: 18/79 [poisoned by a killer bee]
  8919 | D:9      | 8919 ||| READING 3 scrolls of teleportation.
  8920 | D:9      | 8920 ||| DRINKING potion of heal wounds.
  9190 | D:9      | Reached skill level 9 in Shields
  9308 | D:9      | Reached skill level 13 in Axes
  9489 | D:10     | Entered Level 10 of the Dungeon
  9495 | D:10     | Noticed a two-headed ogre
  9500 | D:10     | Killed a two-headed ogre
  9592 | D:10     | Noticed a two-headed ogre
  9602 | D:10     | Killed a two-headed ogre
  9770 | D:10     | 9770 ||| Stepping ~*~*~tactically~*~*~ (hiding).
  9882 | D:10     | 9882 ||| Stepping ~*~*~tactically~*~*~ (hiding).
  9892 | D:10     | Reached skill level 14 in Axes
  9900 | D:10     | Noticed a black mamba
  9906 | D:10     | Killed a black mamba
 10114 | D:10     | Found a blossoming altar of Fedhas.
 10127 | D:10     | Found an ornate altar of the Wu Jian Council.
 10224 | D:10     | Identified the ring of Creativity {Will+ rCorr Str+2
                  | Stlth-}
 10665 | D:10     | 10665 ||| UPGRADING to ring of Creativity {Will+ rCorr
                  | Str+2 Stlth-}.
 10667 | D:10     | 10667 ||| READING 10 scrolls of identify.
 10667 | D:10     | 10667 ||| IDENTIFYING smoky puce potion
 10668 | D:10     | 10668 ||| DROPPING potion of invisibility.
 10732 | D:11     | 10732 ||| Stepping ~*~*~tactically~*~*~ (stealth).
 10734 | D:11     | 10734 ||| Stepping ~*~*~tactically~*~*~ (stealth).
 10736 | D:11     | 10736 ||| Stepping ~*~*~tactically~*~*~ (stealth).
 10738 | D:11     | 10738 ||| Stepping ~*~*~tactically~*~*~ (stealth).
 11069 | D:11     | Identified the +12 tower shield "Doqegg" {rF+}
 11131 | D:11     | Reached XP level 10. HP: 81/90 MP: 9/9
 11317 | D:11     | 11317 ||| Stepping ~*~*~tactically~*~*~ (stealth).
 11318 | D:11     | 11318 ||| INVOKING Sacrifice Experience.
 11318 | D:11     | Gained mutation: You are inexperienced. (-2 XL) [Ru
                  | sacrifice]
 11318 | D:11     | Reached XP level 9. HP: 82/82 MP: 8/8
 11318 | D:11     | Reached ** piety under Ru
 11318 | D:11     | Reached *** piety under Ru
 11327 | D:11     | Demolished by a very large slime creature

Levels and vault maps discovered:
D:1:      shiori_arrival_whats_in_store_for_you, layout_loops_ring
D:2:      layout_basic, ebering_ecumenical_altar_abandoned, serial_forest,
          infiniplex_forest_side_room, infiniplex_forest_straight_1,
          infiniplex_forest_lined_room_, infiniplex_forest_straight_2,
          infiniplex_forest_straight_2, infiniplex_forest_clump_small,
          infiniplex_forest_clump_small, minmay_hexomino_p4
D:3:      layout_basic, serial_shops, shop_statue, shop
D:4:      layout_cave_pools, minmay_temple_entry_antechambers
D:5:      layout_gridville, kennysheep_ying_yang, uniq_ijyb, uniq_edmund
D:6:      layout_rooms
D:7:      layout_loops_ring, minmay_overflow_temple_star_quad, serial_shops,
          shop
D:8:      layout_layer_cave, lair_entry_dummy, enter_bailey_6
D:9:      layout_basic
D:10:     layout_basic, mainiacjoe_overflow_large_starburst,
          chequers_serial_rivers_micro_b, hellmonk_bongcloud_opening
D:11:     layout_irregular_city
Temple:   nicolae_temple_bog_church

Skill      XL: |  1  2  3  4  5  6  7  8  9 |
---------------+----------------------------+-----
Axes           | 3 4 5 6 7 8 9 12 14 | 14.0
Dodging        | 1 2 |  2.8
Throwing       | 1 2 4 |  4.0
Fighting       | 4 5 8 |  8.4
Shields        | 6 7 10 | 10.1
Armour         | 5 7 |  7.1

Action                   |  1- 3 |  4- 6 |  7- 9 | 10-12 || total
-------------------------+-------+-------+-------+-------++-------
Melee: War axe           |    95 |   104 |    36 |       ||   235
       Headbutt          |     8 |    11 |    46 |       ||    65
       Broad axe         |       |       |   241 |     8 ||   249
Throw: Javelin           |       |    29 |    38 |     1 ||    68
       Boomerang         |       |       |     1 |       ||     1
Invok: Sacrifice Experie |       |       |     2 |       ||     2
  Use: Scroll            |     3 |     9 |    13 |       ||    25
       Potion            |     1 |     3 |     3 |       ||     7
 Stab: Distracted        |       |       |     1 |       ||     1
Armor: Scale mail        |    31 |    24 |       |       ||    55
       Chain mail        |       |    24 |     1 |       ||    25
       Plate armour      |       |       |   166 |     1 ||   167
Dodge: Dodged            |    33 |    30 |    78 |     4 ||   145
Block: Buckler           |    22 |    23 |     1 |       ||    46
       Kite shield       |       |       |   134 |     3 ||   137

Table legend:
 A = Non-vault XP
 B = Vault XP
 C = Vault XP percentage of total XP
 D = Non-vault monster count
 E = Vault monster count
 F = Vault count percentage of total count
                 A         B        C        D         E       F
            +---------+---------+-------+---------+---------+-------
      Total |   11204 |     210 |   1.8 |     173 |       5 |   2.8
            +---------+---------+-------+---------+---------+-------
        D:1 |      38 |       0 |   0.0 |      21 |       0 |   0.0
        D:2 |      75 |       4 |   5.1 |      23 |       3 |  11.5
        D:3 |      47 |       0 |   0.0 |      13 |       0 |   0.0
        D:4 |     175 |       0 |   0.0 |      11 |       0 |   0.0
        D:5 |     499 |     206 |  29.2 |      14 |       2 |  12.5
        D:6 |     421 |       0 |   0.0 |      18 |       0 |   0.0
        D:7 |    1218 |       0 |   0.0 |      11 |       0 |   0.0
        D:8 |    1978 |       0 |   0.0 |      18 |       0 |   0.0
        D:9 |    2198 |       0 |   0.0 |      24 |       0 |   0.0
       D:10 |    2570 |       0 |   0.0 |       8 |       0 |   0.0
       D:11 |    1985 |       0 |   0.0 |      12 |       0 |   0.0
            +---------+---------+-------+---------+---------+-------
